 Dungeon Crawl Stone Soup version 0.30.1-9-gdf580d7c3d (webtiles) character file.

Game seed: 13191351520428066297

12142 Cheops the Spear-Bearer (level 11, -19/74 HPs)
             Began as a Yellow Draconian Summoner on Sept 25, 2023.
             Was a Believer of Sif Muna.
             Killed from afar by a gargoyle (33 damage)
             ... with a stone arrow
             ... on level 11 of the Dungeon on Sept 26, 2023.
             The game lasted 01:28:56 (18999 turns).

Cheops the Spear-Bearer (DrSu)                     Turns: 18999, Time: 01:28:57

Health: -19/74     AC: 13    Str: 10    XL:     11   Next: 58%
Magic:  21/21      EV: 12    Int: 19    God:    Sif Muna [**....]
Gold:   153        SH:  6    Dex: 13    Spells: 11/24 levels left

rFire   . . .        a - +0 trident (flame)
rCold   . . .        P - +1 buckler
rNeg    . . .        (body armour unavailable)
rPois   +            (helmet restricted)
rElec   .            (no cloak)
rCorr   +            (no gloves)
SInv    .            L - +1 pair of boots
Will    .....        (no amulet)
Stlth   ++           I - +4 ring of protection
HPRegen 0.32/turn    C - ring of poison resistance
MPRegen 0.17/turn

%: no passive effects
@: about to teleport
A: spit acid, AC +7, unfitting armour, cold-blooded, acid resistance
a: Breathe Acid, Renounce Religion, Channel Magic


You were on level 11 of the Dungeon.
You worshipped Sif Muna.
Sif Muna was pleased with you.
You visited 2 branches of the dungeon, and saw 12 of its levels.
You also visited: Sewer.

You collected 510 gold pieces.
You spent 357 gold pieces at shops.

Inventory:

Hand Weapons
 a - a +0 trident of flaming (weapon)
 b - a +2 spear of freezing
 d - a +1 halberd of flaming
Missiles
 B - 2 throwing nets
Armour
 L - a +1 pair of boots (worn)
 P - a +1 buckler (worn)
 S - an orb of mayhem
Magical Staves
 c - the staff of poison "Otehixki" {rPois rN+ Int+7}
   (You found it on level 6 of the Dungeon)

   [staff of poison]

   Base accuracy: +5 Base damage: 5 Base attack delay: 1.2 This weapon's minimum
   attack delay (0.6) is reached at skill level 12.
   Int:       It affects your intelligence (+7).
   rPois:     It protects you from poison.
   rN:        It protects you from negative energy.
   It falls into the 'Staves' category.
   It is a one-handed weapon.
Jewellery
 w - a +6 ring of intelligence
 z - an amulet of reflection
 A - a ring of protection from cold
 C - a ring of poison resistance (right hand)
 I - a +4 ring of protection (left hand)
 N - a ring of fire
Wands
 r - a wand of light (5)
 y - a wand of iceblast (4)
 E - a wand of flame (32)
 K - a wand of mindburst (6)
 R - a wand of paralysis (4)
Scrolls
 e - 4 scrolls of fog
 j - 6 scrolls of blinking
 n - 6 scrolls of fear
 u - 2 scrolls of vulnerability
 v - a scroll of brand weapon
 x - 3 scrolls of magic mapping
 D - 3 scrolls of teleportation
 G - 3 scrolls of poison
 H - a scroll of amnesia
 Q - a scroll of immolation
Potions
 f - a potion of might
 g - 4 potions of heal wounds
 h - 4 potions of magic
 i - 2 potions of berserk rage {unknown}
 k - 3 potions of lignification
 l - 4 potions of mutation
 m - 2 potions of curing
 p - a potion of haste
 q - 3 potions of brilliance
 s - a potion of resistance
 t - 3 potions of ambrosia
 F - a potion of flight
 J - a potion of cancellation
 M - 4 potions of degeneration {unknown}
 O - a potion of attraction
Miscellaneous
 T - a box of beasts


   Skills:
 - Level 14.0 Polearms
 - Level 3.0 Dodging
 - Level 1.7 Stealth
 - Level 5.0 Shields
 - Level 7.0 Spellcasting
 - Level 6.0 Hexes
 + Level 8.5 Summonings
 - Level 5.0 Air Magic
 - Level 4.0 Invocations
 - Level 4.0 Evocations


You had 11 spell levels left.
You knew the following spells:

 Your Spells              Type           Power      Damage    Failure   Level
C - Call Canine Familiar  Summ           39%        N/A       1%          3
G - Summon Guardian Gole  Hex/Summ       34%        N/A       2%          3
I - Call Imp              Summ           78%        N/A       1%          2
L - Summon Lightning Spi  Summ/Air       32%        N/A       9%          4
M - Summon Small Mammal   Summ           100%       N/A       1%          1

Your spell library contained the following spells:

 Spells                   Type           Power      Damage    Failure   Level
 Blink                    Tloc           12%        N/A       22%         2
 Lesser Beckoning         Tloc           12%        N/A       22%         2
 Momentum Strike          Conj/Tloc      12%        3d8       22%         2


Dungeon Overview and Level Annotations

Branches:
Dungeon (11/15)            Temple (1/1) D:5            Lair (0/5) D:10
    Orc (0/2) D:10          Sewer (visited)

Altars:
Ashenzari
Cheibriados
Dithmenos
Elyvilon
Fedhas
Gozag
Hepliaklqana
Kikubaaqudgha
Makhleb
Nemelex Xobeh
Okawaru
Qazlal
Ru
Sif Muna
Trog
Uskayaw
Vehumet
Wu Jian
Xom
Yredelemnul
Zin
The Shining One

Shops:
D:2 ?   D:10 :


Innate Abilities, Weirdness & Mutations

You can spit globs of acid.
Your golden yellow scales are hard. (AC +7)
You cannot fit into any form of body armour.
You are cold-blooded and may be slowed by cold attacks.
You are resistant to acid. (rCorr)


Message History

* * * LOW HITPOINT WARNING * * *
Something bites you.
* * * LOW HITPOINT WARNING * * *
Something hits your lightning spire but does no damage.
The orc warrior shoots a bolt.
Something hits you!
* * * LOW HITPOINT WARNING * * *
Something closely misses you.
Something hits your lightning spire but does no damage.
The orc warrior shoots a bolt.
The bolt barely misses you.
A stone appears from out of thin air!
The stone hits you.
* * * LOW HITPOINT WARNING * * *
Your lightning spire disappears in a puff of smoke!
The orc warrior shoots a bolt.
The bolt closely misses you.
A nearby plant withers and dies.
You touch the plant!
The plant begins to die.
The plant is lightly damaged.
The orc warrior shoots a bolt.
The bolt closely misses you.
A stone appears from out of thin air!
The stone hits you!
* * * LOW HITPOINT WARNING * * *
A puff of flame appears from out of thin air!
The puff of flame hits you. You resist.
* * * LOW HITPOINT WARNING * * *
You condense into your normal self.
Your +0 trident of flaming unmelds from your body.
Your +1 pair of boots unmelds from your body.
Your +1 buckler unmelds from your body.
Your +4 ring of protection unmelds from your body.
Your ring of poison resistance unmelds from your body.
Your +0 trident of flaming bursts into flame!
A nearby plant withers and dies.
A stone appears from out of thin air!
The stone hits you but does no damage.
A stone appears from out of thin air!
The stone hits you.
* * * LOW HITPOINT WARNING * * *
A gargoyle comes into view. It is wielding a +0 flail.
You see here a +0 flail.
As you read the scroll of teleportation, it crumbles to dust.
You feel strangely unstable.
The gargoyle hurls a stone arrow at you.
The stone arrow hits you!!
You die...

..u.....# #.#
........################.#
...................5....>.
........####....########..
########....9##.########..
#.....#............
#.....#..#######... #....#####
#..# ####@#############..# ###
#...)##......##.....#
..#######.#####.####.##.##..#
#...#.....#####.# #.##......
#####.......).....# #.######.#
...##......####### #.######.#
####.#........#########.......♣P
##.#............#..........####♣♣
#..~~~~~.~~...#.#..........# ♣~


You could see a gargoyle.

Vanquished Creatures
  A two-headed ogre (D:8)
  An ugly thing (D:11)
  A cyclops (D:11)
  2 kobold demonologists (D:11)
  A tyrant leech (shapeshifter) (D:9)
  2 trolls
  2 yaks (D:10)
  A wraith (D:11)
  A steam dragon (D:7)
  3 acid dragons
  A sky beast (D:7)
  2 black bears
  2 ice beasts
  An ogre (D:4)
  A centaur (D:7)
  A phantom (D:6)
  A bullfrog (D:10)
  A gnoll sergeant (D:7)
  3 scorpions
  2 wights (D:6)
  11 killer bees
  A howler monkey (D:8)
  A jelly (D:8)
  2 hounds
  An orc priest (D:5)
  2 sleepcaps
  5 iguanas
  4 orc wizards
  4 gnolls
  4 adders
  A white imp (D:6)
  3 worms
  A dart slug (D:4)
  17 orcs
  3 endoplasms
  2 giant cockroaches
  8 goblins
  7 hobgoblins
  2 quokkas
  4 ball pythons
  3 bats
  4 frilled lizards
  10 kobolds
  10 rats
140 creatures vanquished.

Vanquished Creatures (collateral kills)
  Nergalle (D:11)
  A cyclops (D:10)
  A manticore (D:11)
  An unseen horror (D:10)
  A komodo dragon (D:11)
  A kobold demonologist (D:11)
  A troll (D:11)
  A shadow (D:9)
  4 yaks (D:10)
  A vampire (D:9)
  Edmund (D:4)
  A water moccasin (D:7)
  3 orc warriors
  3 sky beasts
  A black bear (D:10)
  A centaur (D:11)
  2 phantoms
  2 kobold brigands
  2 bullfrogs (D:7)
  2 scorpions
  11 wights
  10 killer bees
  An electric eel (D:11)
  A lava snake (D:9)
  4 orc priests
  5 iguanas
  3 orc wizards
  A hell rat (Sewer)
  11 gnolls
  4 adders
  A shadow imp (D:7)
  A white imp (D:5)
  A dart slug (D:3)
  10 orcs
  4 ball pythons
  4 endoplasms
  2 giant cockroaches
  2 goblins (D:1)
  2 hobgoblins
  6 kobolds
  2 frilled lizards
  7 rats
124 creatures vanquished.

Vanquished Creatures (others)
  A gargoyle (D:11)
  2 killer bees (D:8)
  An orc (D:7)
4 creatures vanquished.

Grand Total: 268 creatures vanquished

Notes
Turn   | Place    | Note
-------+----------+-------------------------------------------
     0 | D:1      | Cheops the Draconian Summoner began the quest for the Orb.
     0 | D:1      | Reached XP level 1. HP: 14/14 MP: 3/3
   244 | D:1      | Reached XP level 2. HP: 11/20 MP: 2/5
   375 | D:1      | Learned a level 2 spell: Call Imp
  1262 | D:2      | Reached XP level 3. HP: 13/26 MP: 3/7
  1274 | D:2      | Learned a level 3 spell: Call Canine Familiar
  1378 | D:2      | Found Zaox Ket's Magic Scroll Boutique.
  1386 | D:2      | Bought a scroll of identify for 26 gold pieces
  1386 | D:2      | Bought a scroll of teleportation for 39 gold pieces
  1387 | D:2      | Bought a scroll of noise for 13 gold pieces
  1805 | D:2      | Found a faded altar of an unknown god.
  1931 | D:2      | Identified the +0 leather armour of the Loofah {rN++ Regen+
                  | Int-4 Stlth+}
  1961 | D:2      | Bought a scroll of fear for 52 gold pieces
  2012 | D:3      | Reached XP level 4. HP: 33/33 MP: 3/8
  2019 | D:3      | Reached skill level 1 in Polearms
  2019 | D:3      | Reached skill level 5 in Summonings
  2042 | D:3      | Found a glowing drain.
  2061 | Sewer    | Entered a sewer
  2161 | Sewer    | Reached skill level 2 in Polearms
  2717 | D:3      | Reached XP level 5. HP: 38/38 MP: 9/9
  2800 | D:2      | Bought a scroll of fog for 52 gold pieces
  3014 | D:4      | Noticed a sky beast
  3047 | D:4      | Killed a sky beast
  3048 | D:4      | Reached skill level 3 in Polearms
  3203 | D:4      | Noticed an ogre
  3221 | D:4      | Killed an ogre
  3222 | D:4      | Reached skill level 4 in Polearms
  3222 | D:4      | Reached XP level 6. HP: 45/45 MP: 0/10
  3235 | D:4      | Learned a level 4 spell: Summon Lightning Spire
  3777 | D:4      | Noticed Edmund
  3795 | D:4      | Killed Edmund
  3796 | D:4      | Reached skill level 6 in Polearms
  3796 | D:4      | Your scales start taking on a golden yellow colour.
  3796 | D:4      | Reached XP level 7. HP: 35/50 MP: 5/11
  3796 | D:4      | Gained mutation: You are resistant to acid. (rCorr) [Yellow
                  | Draconian growth]
  4518 | D:5      | Entered Level 5 of the Dungeon
  4538 | D:5      | Reached skill level 1 in Air Magic
  4628 | D:5      | Found a staircase to the Ecumenical Temple.
  4661 | D:5      | Reached skill level 7 in Polearms
  4677 | Temple   | Entered the Ecumenical Temple
  5153 | D:5      | Reached XP level 8. HP: 57/57 MP: 6/12
  5303 | D:2      | Bought a scroll of poison for 52 gold pieces
  5303 | D:2      | Bought a scroll of identify for 26 gold pieces
  5642 | D:6      | Reached skill level 8 in Polearms
  5780 | D:6      | Identified the staff of poison "Otehixki" {rPois rN+ Int+7}
  5802 | D:6      | Reached skill level 5 in Air Magic
  5806 | D:6      | Learned a level 3 spell: Summon Guardian Golem
  5889 | D:6      | Reached skill level 9 in Polearms
  6316 | D:6      | Reached skill level 5 in Spellcasting
  7004 | D:2      | Found Zaox Ket's Magic Scroll Boutique.
  7336 | D:2      | Found a faded altar of an unknown god.
  8998 | D:5      | Found a staircase to the Ecumenical Temple.
  9566 | D:7      | Reached skill level 1 in Hexes
  9568 | D:7      | Reached skill level 10 in Polearms
  9568 | D:7      | Reached XP level 9. HP: 58/62 MP: 7/16
 10021 | D:7      | Found a radiant altar of Vehumet.
 10021 | D:7      | Found a shimmering altar of Xom.
 10023 | D:7      | Found an ancient bone altar of Kikubaaqudgha.
 10027 | D:7      | Found a sparkling altar of Nemelex Xobeh.
 10030 | D:7      | Found a bloodstained altar of Trog.
 10041 | D:7      | Found a sacrificial altar of Ru.
 10046 | D:7      | Found an opulent altar of Gozag.
 10049 | D:7      | Found a snail-covered altar of Cheibriados.
 10052 | D:7      | Found an ornate altar of the Wu Jian Council.
 10053 | D:7      | Found a glowing golden altar of the Shining One.
 10271 | Temple   | Became a worshipper of Sif Muna the Loreminder
 10823 | D:7      | Reached skill level 11 in Polearms
 10974 | D:7      | Reached skill level 5 in Hexes
 11465 | D:8      | Noticed a two-headed ogre
 11475 | D:8      | Killed a two-headed ogre
 11567 | D:8      | Reached XP level 10. HP: 69/69 MP: 6/17
 11583 | D:8      | Reached * piety under Sif Muna
 12474 | D:8      | Found a glowing silver altar of Zin.
 13293 | D:2      | Bought a scroll of magic mapping for 97 gold pieces
 13571 | D:9      | Reached skill level 12 in Polearms
 14698 | D:9      | Noticed a quicksilver ooze
 14704 | D:9      | a quicksilver ooze changed into a great orb of eyes
 14704 | D:9      | Noticed a great orb of eyes (shapeshifter)
 14723 | D:9      | a great orb of eyes changed into a tyrant leech
 14926 | D:9      | a tyrant leech changed into a boulder beetle
 14926 | D:9      | Noticed a boulder beetle (shapeshifter)
 14952 | D:9      | HP: 3/69 [boulder beetle (shapeshifter) (11)]
 14954 | D:9      | a boulder beetle changed into a tyrant leech
 14956 | D:9      | Reached skill level 13 in Polearms
 15325 | D:10     | Entered Level 10 of the Dungeon
 15417 | D:10     | Found Wuress's Self-Improvement Boutique.
 15512 | D:10     | Reached skill level 1 in Shields
 16005 | D:10     | Noticed a cyclops
 16024 | D:10     | Killed a cyclops
 16283 | D:10     | Reached ** piety under Sif Muna
 16340 | D:10     | Found a staircase to the Orcish Mines.
 16812 | D:10     | Reached XP level 11. HP: 49/74 MP: 13/18
 16912 | D:10     | Reached skill level 5 in Shields
 16925 | D:10     | Reached skill level 14 in Polearms
 17129 | D:10     | Found a staircase to the Lair.
 17941 | D:11     | Noticed Nergalle
 17959 | D:11     | Killed Nergalle
 18032 | D:11     | Noticed a sun demon
 18793 | D:11     | Noticed a white ugly thing
 18852 | D:11     | Killed a white ugly thing
 18999 | D:11     | Killed from afar by a gargoyle

Illustrated notes

Levels and vault maps discovered:
D:1:      dpeg_arrival_simpleton_a, layout_basic
D:2:      layout_basic, serial_shops,
          nicolae_shop_temple_entry_statues_fountains,
          shapermc_ecumenical_altar_mp_vishouse
D:3:      layout_rooms, portal_sewer_entry_a, minmay_increasing_density
D:4:      minmay_skewed_foursquare, layout_loops_corners, uniq_edmund
D:5:      layout_rooms, minmay_temple_entry_statues_pillars
D:6:      layout_basic
D:7:      layout_loops_ring, nicolae_overflow_hallway_of_the_gods, st_stairs_8,
          grunt_ministairs_11, columned_hall_lemuel, chequers_garden,
          minmay_tree_intersection
D:8:      layout_layer_cave, zin_scriptorium, minmay_misc_feat_tower
D:9:      layout_small_grid, kennysheep_island_fort
D:10:     layout_loops_ring, grunt_lair_entry_orc_guard_hut, david_orc_1_choice,
          nicolae_shop_self_help
D:11:     layout_basic, serial_bayou, serial_bayou_pond_b, serial_bayou_shore_b,
          serial_bayou_crossing, serial_bayou_shore_a, serial_bayou_shore_b,
          uniq_nergalle
Temple:   jpeg_temple_clearing

Skill      XL: |  1  2  3  4  5  6  7  8  9 10 11 |
---------------+----------------------------------+-----
Spellcasting   | 3 5 7 |  7.0
Polearms       | 2 4 6 7 10 11 13 14 | 14.0
Summonings     | 5 6 7 8 |  8.5
Air Magic      | 3 5 |  5.0
Hexes          | 1 5 6 |  6.0
Invocations    | 2 4 |  4.0
Evocations     | 2 4 |  4.0
Shields        | 4 5 |  5.0
Dodging        | 3 |  3.0
Stealth        | |  1.7

Action                     |  1- 3 |  4- 6 |  7- 9 | 10-12 || total
---------------------------+-------+-------+-------+-------++-------
  Melee: Club              |    36 |       |       |       ||    36
         Unarmed           |     6 |       |       |     4 ||    10
         Tailslap          |    11 |    18 |    23 |    36 ||    88
         Spear             |    44 |   188 |    27 |       ||   259
         Punch             |       |     1 |     3 |     1 ||     5
         Trident           |       |       |   238 |   312 ||   550
   Cast: Summon Small Mamm |    21 |       |       |       ||    21
         Call Imp          |     8 |     5 |    14 |     7 ||    34
         Call Canine Famil |     5 |    16 |    28 |    32 ||    81
         Summon Lightning  |       |       |    16 |    44 ||    60
         Summon Guardian G |       |       |     1 |     6 ||     7
Ability: Breathe Acid      |       |       |     2 |       ||     2
  Evoke: Wand              |       |       |       |     9 ||     9
    Use: Scroll            |     5 |     1 |     3 |    15 ||    24
         Potion            |       |       |       |     1 ||     1
   Stab: Distracted        |     2 |     3 |     9 |    11 ||    25
         Sleeping          |     1 |     7 |     2 |     1 ||    11
 Armour: Skin              |    30 |    38 |    65 |   189 ||   322
  Dodge: Dodged            |    65 |    78 |   117 |   232 ||   492
  Block: Buckler           |       |       |       |    47 ||    47
